[ AOE2 MATCH · #495039331 ]
UnrankedLithuanians vs Maya
[ REPLAY ANALYSIS · EXTRACTED FROM THE RECORDED GAME ]
Feudal
13:49
Castle
17:44
Imperial
43:06
| APM avg | 26.8 |
| APM peak | 57 |
| eAPM avg | 16.4 |
| Villagers / military | 193 / 24 |
Focus
⚔️ 27.7% · 🌾 72.3%
Leitis ×23 · Monk ×1
Feudal
13:35
Castle
18:55
Imperial
42:23
| APM avg | 79.7 |
| APM peak | 137 |
| eAPM avg | 37.6 |
| Villagers / military | 184 / 61 |
Focus
⚔️ 26.3% · 🌾 73.7%
Skirmisher ×34 · Cataphract ×8 · Battering Ram ×5 · Trebuchet (Packed) ×5 · Scorpion ×4 · Cavalry Archer ×3
Feudal
11:33
Castle
16:29
Imperial
—
| APM avg | 58.4 |
| APM peak | 100 |
| eAPM avg | 28.8 |
| Villagers / military | 103 / 16 |
Focus
⚔️ 29.8% · 🌾 70.2%
Plumed Archer ×13 · Mangonel ×3
Feudal
11:42
Castle
23:50
Imperial
37:01
| APM avg | 54.5 |
| APM peak | 118 |
| eAPM avg | 14.9 |
| Villagers / military | 86 / 74 |
Focus
⚔️ 32.3% · 🌾 67.7%
Archer ×64 · Militia ×10 · Unknown (1959) ×5 · Unknown (1942) ×3
Feudal
12:22
Castle
28:17
Imperial
—
| APM avg | 52.0 |
| APM peak | 103 |
| eAPM avg | 22.5 |
| Villagers / military | 78 / 64 |
Focus
⚔️ 28.3% · 🌾 71.7%
Archer ×31 · Skirmisher ×20 · Spearman ×6 · Petard ×4 · Mangonel ×3
Feudal
12:07
Castle
25:26
Imperial
35:28
| APM avg | 46.1 |
| APM peak | 85 |
| eAPM avg | 18.9 |
| Villagers / military | 122 / 161 |
Focus
⚔️ 32.0% · 🌾 68.0%
Steppe Lancer ×142 · Scout Cavalry ×19
Feudal
16:18
Castle
30:18
Imperial
42:17
| APM avg | 28.4 |
| APM peak | 89 |
| eAPM avg | 16.6 |
| Villagers / military | 183 / 21 |
Focus
⚔️ 23.3% · 🌾 76.7%
Skirmisher ×15 · Mangonel ×4 · Monk ×1 · Trebuchet (Packed) ×1
Feudal
13:13
Castle
32:10
Imperial
—
| APM avg | 21.3 |
| APM peak | 41 |
| eAPM avg | 13.0 |
| Villagers / military | 54 / 20 |
Focus
⚔️ 40.1% · 🌾 59.9%
Skirmisher ×5 · Eagle Scout ×5 · Archer ×4 · Militia ×4 · Spearman ×2
Match map
Initial resources + every placement click. Lines = walls · curves = elevation contours. ◆ gold · ⬟ stone · ● berries · ✦ relic · ◌ wall gap
Your base· ✓ Closed at 17:44 · 6t walls · 2 gate(s)
ryannn's base· Open — 1t gap
shohe's base· Open — unwalled flank
yu_k1's base· Open — unwalled flank
razunrando's base· ✓ Closed at 28:17 · 31t walls · 1 gate(s)
rakou's base· Open — 6t gap
tamaryo's base· Open — unwalled flank
Lazu's base· Open — unwalled flank
Smoothed initial terrain · ◌ = detected wall gap · hover for details
Inputs per minute
— 華緑 - - ryannn
Build order — 華緑
First 150 of 352 actions detected
| 0:05 | Build | Town Center |
| 2:15 | Build | House |
| 2:24 | Queue | Villager (Male) |
| 2:25 | Queue | Villager (Male) |
| 2:25 | Queue | Villager (Male) |
| 2:25 | Queue | Villager (Male) |
| 2:59 | Build | House |
| 3:13 | Queue | Villager (Male) |
| 3:13 | Queue | Villager (Male) |
| 3:13 | Queue | Villager (Male) |
| 4:12 | Queue | Villager (Male) |
| 4:47 | Build | Lumber Camp |
| 4:53 | Queue | Villager (Male) |
| 4:53 | Queue | Villager (Male) |
| 4:53 | Queue | Villager (Male) |
| 5:19 | Queue | Villager (Male) |
| 6:14 | Build | House |
| 6:18 | Build | House |
| 6:19 | Build | House |
| 6:22 | Queue | Villager (Male) |
| 6:22 | Queue | Villager (Male) |
| 6:54 | Queue | Villager (Male) |
| 7:20 | Build | House |
| 8:10 | Queue | Villager (Male) |
| 8:10 | Queue | Villager (Male) |
| 8:22 | Queue | Villager (Male) |
| 8:24 | Queue | Villager (Male) |
| 9:51 | Queue | Villager (Male) |
| 9:51 | Queue | Villager (Male) |
| 10:10 | Queue | Villager (Male) |
| 10:41 | Queue | Villager (Male) |
| 10:52 | Build | Mill |
| 10:59 | Build | House |
| 11:02 | Build | House |
| 11:04 | Build | House |
| 11:14 | Queue | Villager (Male) |
| 11:36 | Research | Feudal Age |
| 12:06 | Queue | Villager (Male) |
| 12:07 | Research | Loom |
| 12:14 | Build | Palisade Wall |
| 12:24 | Build | Palisade Gate |
| 12:27 | Build | Palisade Gate |
| 12:31 | Build | Palisade Wall |
| 13:49 | Age | Feudal Age |
| 13:54 | Build | Market |
| 13:59 | Build | Blacksmith |
| 14:04 | Build | Palisade Wall |
| 14:07 | Queue | Villager (Male) |
| 14:39 | Research | Double-Bit Axe |
| 14:43 | Research | Horse Collar |
| 14:55 | Research | Castle Age |
| 15:00 | Build | House |
| 15:51 | Build | Farm |
| 16:31 | Build | Farm |
| 16:40 | Build | Farm |
| 17:14 | Build | Farm |
| 17:28 | Queue | Villager (Male) |
| 17:44 | Age | Castle Age |
| 17:48 | Build | Town Center |
| 17:55 | Queue | Villager (Male) |
| 18:04 | Build | House |
| 18:05 | Build | House |
| 18:08 | Build | House |
| 18:14 | Build | Farm |
| 18:18 | Research | Bow Saw |
| 18:32 | Build | Farm |
| 18:36 | Queue | Villager (Male) |
| 18:36 | Queue | Villager (Male) |
| 18:43 | Build | Town Center |
| 18:49 | Build | Farm |
| 19:04 | Queue | Villager (Male) |
| 19:12 | Build | Farm |
| 19:54 | Queue | Villager (Male) |
| 19:54 | Queue | Villager (Male) |
| 20:05 | Queue | Villager (Male) |
| 20:10 | Build | Farm |
| 20:18 | Queue | Villager (Male) |
| 20:19 | Queue | Villager (Male) |
| 20:27 | Build | House |
| 20:34 | Queue | Villager (Male) |
| 20:46 | Build | Farm |
| 20:50 | Build | Farm |
| 20:55 | Queue | Villager (Male) |
| 20:55 | Queue | Villager (Male) |
| 20:59 | Build | Farm |
| 21:02 | Build | Farm |
| 21:12 | Build | Farm |
| 21:13 | Queue | Villager (Male) |
| 21:27 | Build | Town Center |
| 22:04 | Queue | Villager (Male) |
| 22:04 | Queue | Villager (Male) |
| 22:04 | Queue | Villager (Male) |
| 22:20 | Build | Farm |
| 22:26 | Build | Farm |
| 22:32 | Build | House |
| 22:33 | Build | House |
| 22:36 | Build | House |
| 22:37 | Build | House |
| 22:39 | Queue | Villager (Male) |
| 22:39 | Queue | Villager (Male) |
| 22:39 | Queue | Villager (Male) |
| 22:40 | Queue | Villager (Male) |
| 22:48 | Build | Farm |
| 22:52 | Build | Farm |
| 22:57 | Build | Farm |
| 23:05 | Build | Farm |
| 23:06 | Queue | Villager (Male) |
| 23:10 | Build | Farm |
| 23:14 | Queue | Villager (Male) |
| 23:14 | Queue | Villager (Male) |
| 23:14 | Queue | Villager (Male) |
| 23:14 | Queue | Villager (Male) |
| 23:29 | Research | Fletching |
| 23:34 | Queue | Villager (Male) |
| 23:45 | Build | Farm |
| 23:47 | Build | Farm |
| 23:57 | Queue | Villager (Male) |
| 23:58 | Queue | Villager (Male) |
| 24:12 | Build | University |
| 24:15 | Queue | Villager (Male) |
| 24:15 | Queue | Villager (Male) |
| 24:49 | Queue | Villager (Male) |
| 25:12 | Build | Mining Camp |
| 25:15 | Queue | Villager (Male) |
| 25:15 | Queue | Villager (Male) |
| 25:15 | Queue | Villager (Male) |
| 25:24 | Queue | Villager (Male) |
| 25:40 | Build | Farm |
| 25:53 | Queue | Villager (Male) |
| 25:53 | Queue | Villager (Male) |
| 26:10 | Queue | Villager (Male) |
| 26:24 | Queue | Villager (Male) |
| 26:42 | Build | Town Center |
| 26:50 | Queue | Villager (Male) |
| 26:51 | Queue | Villager (Male) |
| 27:13 | Build | House |
| 27:14 | Build | House |
| 27:18 | Queue | Villager (Male) |
| 27:41 | Research | Ballistics |
| 27:47 | Queue | Villager (Male) |
| 27:50 | Queue | Villager (Male) |
| 28:05 | Queue | Villager (Male) |
| 28:05 | Queue | Villager (Male) |
| 28:08 | Build | Farm |
| 28:23 | Build | Mill |
| 28:24 | Build | Farm |
| 28:24 | Build | Farm |
| 28:24 | Build | Farm |
| 28:25 | Build | Farm |
| 28:25 | Build | Farm |
Build order — ryannn
First 150 of 449 actions detected
| 0:22 | Build | Town Center |
| 1:50 | Build | House |
| 2:18 | Queue | Villager (Male) |
| 2:18 | Queue | Villager (Male) |
| 2:18 | Queue | Villager (Male) |
| 2:18 | Queue | Villager (Male) |
| 2:43 | Build | House |
| 3:39 | Queue | Villager (Male) |
| 4:19 | Queue | Villager (Male) |
| 4:19 | Queue | Villager (Male) |
| 4:26 | Build | House |
| 4:33 | Queue | Villager (Male) |
| 4:33 | Queue | Villager (Male) |
| 4:52 | Queue | Villager (Male) |
| 5:10 | Queue | Villager (Male) |
| 5:10 | Queue | Villager (Male) |
| 5:32 | Queue | Villager (Male) |
| 6:11 | Build | Palisade Wall |
| 6:13 | Queue | Villager (Male) |
| 6:13 | Queue | Villager (Male) |
| 6:15 | Build | House |
| 6:44 | Build | House |
| 6:51 | Queue | Villager (Male) |
| 6:51 | Queue | Villager (Male) |
| 7:02 | Queue | Villager (Male) |
| 7:03 | Queue | Villager (Male) |
| 7:36 | Queue | Villager (Male) |
| 7:52 | Queue | Villager (Male) |
| 8:16 | Queue | Villager (Male) |
| 8:18 | Build | House |
| 8:23 | Queue | Villager (Male) |
| 8:23 | Queue | Villager (Male) |
| 8:33 | Queue | Villager (Male) |
| 8:33 | Queue | Villager (Male) |
| 8:51 | Queue | Villager (Male) |
| 9:03 | Build | Mining Camp |
| 9:05 | Queue | Villager (Male) |
| 9:05 | Queue | Villager (Male) |
| 9:06 | Build | House |
| 9:18 | Build | House |
| 9:33 | Build | House |
| 9:42 | Queue | Villager (Male) |
| 10:01 | Research | Loom |
| 11:00 | Queue | Villager (Male) |
| 11:03 | Build | Lumber Camp |
| 11:06 | Queue | Villager (Male) |
| 11:22 | Research | Feudal Age |
| 11:37 | Build | Mining Camp |
| 11:46 | Build | House |
| 11:51 | Build | House |
| 11:52 | Queue | Villager (Male) |
| 11:54 | Build | House |
| 11:59 | Build | House |
| 12:14 | Build | House |
| 12:18 | Queue | Villager (Male) |
| 12:24 | Build | House |
| 12:32 | Build | Palisade Wall |
| 12:39 | Build | House |
| 12:48 | Build | House |
| 13:02 | Build | House |
| 13:35 | Age | Feudal Age |
| 13:40 | Build | House |
| 13:43 | Queue | Villager (Male) |
| 13:47 | Build | Mill |
| 14:10 | Build | Blacksmith |
| 14:22 | Build | Palisade Wall |
| 14:28 | Build | Palisade Wall |
| 14:28 | Build | Palisade Wall |
| 14:28 | Build | Palisade Wall |
| 14:51 | Build | Market |
| 15:04 | Build | House |
| 15:28 | Build | House |
| 16:15 | Research | Castle Age |
| 16:15 | Research | Castle Age |
| 16:35 | Build | Watch Tower |
| 16:36 | Queue | Villager (Male) |
| 16:36 | Queue | Villager (Male) |
| 16:57 | Build | House |
| 17:34 | Build | Palisade Wall |
| 18:03 | Build | House |
| 18:15 | Build | House |
| 18:55 | Age | Castle Age |
| 18:59 | Build | Siege Workshop |
| 19:35 | Build | Town Center |
| 20:10 | Build | Lumber Camp |
| 20:45 | Build | Castle |
| 21:40 | Queue | Battering Ram |
| 22:12 | Queue | Villager (Male) |
| 22:12 | Queue | Villager (Male) |
| 22:13 | Queue | Villager (Male) |
| 22:38 | Research | Double-Bit Axe |
| 22:38 | Research | Double-Bit Axe |
| 22:38 | Research | Double-Bit Axe |
| 22:55 | Queue | Villager (Male) |
| 22:55 | Queue | Villager (Male) |
| 23:12 | Queue | Villager (Male) |
| 23:13 | Queue | Villager (Male) |
| 23:14 | Queue | Villager (Male) |
| 23:17 | Queue | Villager (Male) |
| 23:17 | Queue | Villager (Male) |
| 23:20 | Queue | Battering Ram |
| 23:51 | Build | Farm |
| 23:52 | Build | Farm |
| 23:53 | Build | Farm |
| 24:10 | Build | Farm |
| 24:25 | Build | Farm |
| 24:28 | Build | Farm |
| 24:36 | Queue | Villager (Male) |
| 25:17 | Queue | Villager (Male) |
| 25:18 | Queue | Villager (Male) |
| 25:22 | Queue | Cataphract |
| 25:23 | Queue | Cataphract |
| 25:31 | Queue | Villager (Male) |
| 25:31 | Queue | Villager (Male) |
| 25:38 | Queue | Villager (Male) |
| 25:38 | Queue | Villager (Male) |
| 25:39 | Queue | Villager (Male) |
| 25:44 | Queue | Villager (Male) |
| 25:51 | Queue | Villager (Male) |
| 25:51 | Queue | Villager (Male) |
| 25:52 | Queue | Villager (Male) |
| 26:13 | Build | Mill |
| 26:28 | Queue | Villager (Male) |
| 26:28 | Queue | Villager (Male) |
| 26:29 | Build | Farm |
| 26:30 | Queue | Villager (Male) |
| 26:34 | Queue | Battering Ram |
| 26:43 | Queue | Villager (Male) |
| 26:43 | Queue | Villager (Male) |
| 27:20 | Queue | Villager (Male) |
| 27:36 | Queue | Battering Ram |
| 28:00 | Queue | Cataphract |
| 28:02 | Queue | Villager (Male) |
| 28:02 | Queue | Villager (Male) |
| 28:02 | Queue | Villager (Male) |
| 28:02 | Queue | Villager (Male) |
| 28:02 | Queue | Villager (Male) |
| 28:09 | Queue | Villager (Male) |
| 28:09 | Queue | Villager (Male) |
| 28:16 | Queue | Villager (Male) |
| 28:16 | Queue | Villager (Male) |
| 28:16 | Queue | Villager (Male) |
| 28:35 | Research | Wheelbarrow |
| 28:35 | Research | Wheelbarrow |
| 28:42 | Queue | Villager (Male) |
| 28:45 | Queue | Scorpion |
| 28:48 | Queue | Mangonel |
| 28:53 | Queue | Villager (Male) |
| 28:55 | Queue | Villager (Male) |
| 29:05 | Queue | Cataphract |
Build order — shohe
First 150 of 219 actions detected
| 0:19 | Build | Town Center |
| 2:23 | Build | House |
| 2:35 | Queue | Villager (Male) |
| 2:44 | Queue | Villager (Male) |
| 3:02 | Queue | Villager (Male) |
| 3:40 | Queue | Villager (Male) |
| 3:59 | Queue | Villager (Male) |
| 4:18 | Build | House |
| 4:20 | Queue | Villager (Male) |
| 4:35 | Queue | Villager (Male) |
| 4:58 | Build | Mill |
| 5:27 | Build | Mill |
| 5:31 | Queue | Villager (Male) |
| 5:40 | Build | House |
| 5:46 | Queue | Villager (Male) |
| 5:58 | Build | House |
| 6:17 | Queue | Villager (Male) |
| 6:31 | Build | House |
| 6:44 | Queue | Villager (Male) |
| 6:45 | Queue | Villager (Male) |
| 6:53 | Queue | Villager (Male) |
| 7:08 | Queue | Villager (Male) |
| 7:32 | Queue | Villager (Male) |
| 7:56 | Build | Lumber Camp |
| 8:50 | Queue | Villager (Male) |
| 9:23 | Research | Feudal Age |
| 10:03 | Build | Mining Camp |
| 10:09 | Build | Mining Camp |
| 10:37 | Build | House |
| 10:51 | Queue | Villager (Male) |
| 10:56 | Build | House |
| 11:07 | Build | House |
| 11:33 | Age | Feudal Age |
| 11:42 | Build | Market |
| 11:49 | Build | Blacksmith |
| 11:59 | Research | Loom |
| 12:52 | Queue | Villager (Male) |
| 13:24 | Queue | Villager (Male) |
| 13:48 | Research | Castle Age |
| 15:16 | Build | Watch Tower |
| 16:29 | Age | Castle Age |
| 17:40 | Queue | Villager (Male) |
| 18:02 | Build | Castle |
| 20:16 | Queue | Plumed Archer |
| 21:13 | Queue | Villager (Male) |
| 22:10 | Build | Castle |
| 24:06 | Queue | Plumed Archer |
| 24:25 | Queue | Villager (Male) |
| 24:44 | Queue | Plumed Archer |
| 24:59 | Build | Farm |
| 25:33 | Research | Fletching |
| 26:09 | Queue | Villager (Male) |
| 26:20 | Build | Mining Camp |
| 26:30 | Build | Siege Workshop |
| 26:45 | Queue | Villager (Male) |
| 26:48 | Queue | Plumed Archer |
| 27:05 | Build | Farm |
| 27:36 | Queue | Villager (Male) |
| 28:27 | Build | Farm |
| 28:51 | Queue | Mangonel |
| 28:51 | Queue | Mangonel |
| 28:52 | Queue | Villager (Male) |
| 29:11 | Queue | Plumed Archer |
| 29:11 | Queue | Plumed Archer |
| 29:23 | Build | Farm |
| 29:31 | Queue | Plumed Archer |
| 29:32 | Queue | Plumed Archer |
| 29:36 | Queue | Villager (Male) |
| 29:47 | Queue | Plumed Archer |
| 29:51 | Queue | Plumed Archer |
| 30:37 | Queue | Villager (Male) |
| 31:13 | Queue | Villager (Male) |
| 31:44 | Queue | Villager (Male) |
| 31:51 | Build | Town Center |
| 32:34 | Queue | Villager (Male) |
| 32:34 | Queue | Villager (Male) |
| 33:08 | Queue | Villager (Male) |
| 33:32 | Build | Farm |
| 33:37 | Queue | Villager (Male) |
| 33:41 | Build | Farm |
| 33:41 | Build | Farm |
| 33:42 | Build | Farm |
| 33:42 | Build | Farm |
| 33:42 | Build | Farm |
| 34:07 | Build | Mining Camp |
| 34:22 | Queue | Villager (Male) |
| 34:26 | Build | House |
| 34:34 | Queue | Villager (Male) |
| 34:39 | Build | Farm |
| 34:58 | Build | Farm |
| 35:07 | Build | Farm |
| 35:14 | Build | Farm |
| 35:17 | Queue | Villager (Male) |
| 35:18 | Queue | Villager (Male) |
| 35:36 | Queue | Villager (Male) |
| 35:53 | Queue | Villager (Male) |
| 36:05 | Queue | Villager (Male) |
| 36:20 | Build | Town Center |
| 36:25 | Queue | Villager (Male) |
| 36:47 | Queue | Villager (Male) |
| 36:51 | Queue | Villager (Male) |
| 36:53 | Build | Farm |
| 37:01 | Queue | Villager (Male) |
| 37:27 | Queue | Villager (Male) |
| 37:28 | Queue | Villager (Male) |
| 37:46 | Build | Lumber Camp |
| 37:53 | Queue | Villager (Male) |
| 38:11 | Queue | Villager (Male) |
| 38:11 | Queue | Villager (Male) |
| 38:18 | Queue | Villager (Male) |
| 38:30 | Queue | Villager (Male) |
| 38:41 | Queue | Villager (Male) |
| 38:47 | Build | Town Center |
| 38:53 | Queue | Villager (Male) |
| 39:10 | Queue | Villager (Male) |
| 39:10 | Queue | Villager (Male) |
| 39:16 | Build | Farm |
| 39:22 | Queue | Villager (Male) |
| 39:35 | Research | Double-Bit Axe |
| 39:44 | Queue | Villager (Male) |
| 39:50 | Queue | Villager (Male) |
| 39:52 | Build | Farm |
| 39:56 | Research | Horse Collar |
| 39:57 | Research | Horse Collar |
| 40:07 | Build | Farm |
| 40:07 | Build | Farm |
| 40:17 | Queue | Villager (Male) |
| 40:20 | Queue | Villager (Male) |
| 40:29 | Build | Farm |
| 40:45 | Queue | Villager (Male) |
| 40:55 | Build | House |
| 40:59 | Queue | Villager (Male) |
| 40:59 | Queue | Villager (Male) |
| 41:02 | Queue | Villager (Male) |
| 41:05 | Queue | Villager (Male) |
| 41:09 | Build | Farm |
| 41:22 | Build | Farm |
| 41:25 | Research | Bow Saw |
| 41:25 | Research | Bow Saw |
| 41:27 | Queue | Villager (Male) |
| 41:28 | Queue | Villager (Male) |
| 41:32 | Build | Farm |
| 41:37 | Build | House |
| 41:42 | Queue | Villager (Male) |
| 41:50 | Build | Farm |
| 41:55 | Build | Farm |
| 41:57 | Build | Farm |
| 42:00 | Queue | Mangonel |
| 42:05 | Queue | Villager (Male) |
| 42:18 | Queue | Villager (Male) |
Build order — yu_k1
First 150 of 290 actions detected
| 0:08 | Build | Town Center |
| 1:35 | Build | House |
| 2:00 | Queue | Villager (Male) |
| 2:00 | Queue | Villager (Male) |
| 2:00 | Queue | Villager (Male) |
| 2:00 | Queue | Villager (Male) |
| 3:18 | Queue | Villager (Male) |
| 3:45 | Queue | Villager (Male) |
| 3:46 | Queue | Villager (Male) |
| 3:49 | Build | House |
| 4:10 | Queue | Villager (Male) |
| 4:13 | Build | House |
| 4:28 | Queue | Villager (Male) |
| 4:28 | Queue | Villager (Male) |
| 4:56 | Queue | Villager (Male) |
| 4:59 | Build | Lumber Camp |
| 5:19 | Queue | Villager (Male) |
| 5:52 | Queue | Villager (Male) |
| 5:53 | Queue | Villager (Male) |
| 5:55 | Build | House |
| 6:10 | Queue | Villager (Male) |
| 6:14 | Build | House |
| 6:39 | Queue | Villager (Male) |
| 6:39 | Queue | Villager (Male) |
| 7:03 | Build | House |
| 7:19 | Queue | Villager (Male) |
| 7:20 | Queue | Villager (Male) |
| 8:08 | Build | Mill |
| 8:25 | Queue | Villager (Male) |
| 8:34 | Build | Palisade Wall |
| 8:42 | Research | Loom |
| 9:25 | Queue | Villager (Male) |
| 9:32 | Research | Feudal Age |
| 9:52 | Build | Mining Camp |
| 10:36 | Build | Barracks |
| 11:31 | Queue | Villager (Male) |
| 11:31 | Queue | Villager (Male) |
| 11:42 | Age | Feudal Age |
| 11:42 | Queue | Militia |
| 11:43 | Queue | Militia |
| 11:43 | Queue | Militia |
| 11:44 | Build | Archery Range |
| 11:58 | Build | House |
| 12:26 | Queue | Villager (Male) |
| 12:43 | Queue | Villager (Male) |
| 12:43 | Queue | Villager (Male) |
| 12:56 | Build | Blacksmith |
| 12:58 | Queue | Archer |
| 12:58 | Queue | Archer |
| 13:03 | Queue | Villager (Male) |
| 13:29 | Build | Stone Wall |
| 13:37 | Queue | Archer |
| 13:37 | Queue | Archer |
| 13:41 | Queue | Villager (Male) |
| 13:46 | Research | Double-Bit Axe |
| 14:11 | Queue | Villager (Male) |
| 14:35 | Build | Archery Range |
| 14:38 | Queue | Villager (Male) |
| 14:48 | Build | Stone Wall |
| 14:53 | Build | House |
| 14:54 | Queue | Villager (Male) |
| 15:07 | Queue | Archer |
| 15:07 | Queue | Archer |
| 15:24 | Queue | Villager (Male) |
| 15:28 | Research | Fletching |
| 15:47 | Queue | Archer |
| 15:48 | Queue | Archer |
| 15:49 | Queue | Archer |
| 15:50 | Build | House |
| 15:55 | Queue | Villager (Male) |
| 16:09 | Queue | Villager (Male) |
| 16:25 | Build | Stone Wall |
| 16:27 | Queue | Villager (Male) |
| 16:39 | Queue | Archer |
| 16:39 | Queue | Archer |
| 16:41 | Build | House |
| 16:46 | Research | Town Watch |
| 16:54 | Build | House |
| 17:10 | Queue | Villager (Male) |
| 17:51 | Queue | Villager (Male) |
| 18:17 | Queue | Villager (Male) |
| 18:19 | Queue | Archer |
| 18:19 | Queue | Archer |
| 18:19 | Queue | Archer |
| 18:20 | Queue | Archer |
| 18:20 | Queue | Archer |
| 18:43 | Queue | Villager (Male) |
| 18:51 | Queue | Villager (Male) |
| 19:04 | Queue | Archer |
| 19:04 | Queue | Archer |
| 19:55 | Research | Wheelbarrow |
| 20:02 | Build | Market |
| 20:46 | Research | Castle Age |
| 20:58 | Build | Stone Wall |
| 21:04 | Build | Mining Camp |
| 21:15 | Build | Archery Range |
| 21:19 | Queue | Archer |
| 21:19 | Queue | Archer |
| 21:19 | Queue | Archer |
| 21:20 | Queue | Archer |
| 21:20 | Queue | Archer |
| 21:39 | Research | Gold Mining |
| 21:48 | Build | Farm |
| 21:50 | Build | Farm |
| 21:53 | Build | Farm |
| 22:02 | Build | House |
| 22:22 | Build | Lumber Camp |
| 22:26 | Build | House |
| 22:35 | Queue | Archer |
| 22:55 | Build | House |
| 23:32 | Build | Farm |
| 23:45 | Build | Lumber Camp |
| 23:47 | Build | Farm |
| 23:48 | Build | Farm |
| 23:50 | Age | Castle Age |
| 23:51 | Research | Crossbowman (upgrade) |
| 23:52 | Research | Bodkin Arrow |
| 24:02 | Queue | Villager (Male) |
| 24:16 | Build | Town Center |
| 24:28 | Queue | Villager (Male) |
| 25:14 | Queue | Villager (Male) |
| 25:18 | Build | University |
| 25:19 | Queue | Villager (Male) |
| 25:20 | Queue | Villager (Male) |
| 25:36 | Queue | Archer |
| 25:37 | Queue | Archer |
| 26:10 | Queue | Archer |
| 26:10 | Queue | Archer |
| 26:10 | Queue | Archer |
| 26:11 | Queue | Archer |
| 26:30 | Queue | Villager (Male) |
| 26:33 | Research | Ballistics |
| 26:33 | Research | Ballistics |
| 26:41 | Build | Town Center |
| 26:42 | Queue | Villager (Male) |
| 26:43 | Queue | Villager (Male) |
| 27:54 | Queue | Villager (Male) |
| 27:56 | Build | Farm |
| 27:59 | Build | Farm |
| 28:00 | Build | Farm |
| 28:00 | Build | Farm |
| 28:01 | Queue | Villager (Male) |
| 28:02 | Queue | Villager (Male) |
| 29:16 | Research | Thumb Ring |
| 29:29 | Queue | Villager (Male) |
| 29:31 | Build | Farm |
| 29:32 | Queue | Villager (Male) |
| 29:34 | Queue | Villager (Male) |
| 29:34 | Queue | Villager (Male) |
| 29:36 | Build | Farm |
Build order — razunrando
First 150 of 257 actions detected
| 0:18 | Build | Town Center |
| 2:07 | Queue | Villager (Male) |
| 2:08 | Queue | Villager (Male) |
| 2:09 | Build | House |
| 2:10 | Build | House |
| 2:17 | Queue | Villager (Male) |
| 2:17 | Queue | Villager (Male) |
| 3:24 | Queue | Villager (Male) |
| 4:10 | Queue | Villager (Male) |
| 4:29 | Queue | Villager (Male) |
| 5:01 | Build | Settlement |
| 5:12 | Queue | Villager (Male) |
| 5:14 | Queue | Villager (Male) |
| 5:39 | Queue | Villager (Male) |
| 5:56 | Build | House |
| 5:58 | Build | House |
| 6:16 | Queue | Villager (Male) |
| 6:17 | Queue | Villager (Male) |
| 6:17 | Queue | Villager (Male) |
| 6:33 | Queue | Villager (Male) |
| 7:29 | Queue | Villager (Male) |
| 7:29 | Queue | Villager (Male) |
| 8:12 | Queue | Villager (Male) |
| 8:28 | Queue | Villager (Male) |
| 8:28 | Queue | Villager (Male) |
| 8:46 | Queue | Villager (Male) |
| 8:51 | Research | Loom |
| 8:51 | Queue | Villager (Male) |
| 8:52 | Queue | Villager (Male) |
| 8:56 | Build | House |
| 9:09 | Queue | Villager (Male) |
| 10:08 | Research | Feudal Age |
| 10:26 | Build | Settlement |
| 11:10 | Queue | Villager (Male) |
| 11:18 | Build | Barracks |
| 11:20 | Build | House |
| 11:30 | Build | Palisade Wall |
| 11:52 | Queue | Villager (Male) |
| 11:52 | Queue | Villager (Male) |
| 11:58 | Queue | Villager (Male) |
| 12:14 | Queue | Villager (Male) |
| 12:22 | Age | Feudal Age |
| 12:28 | Build | Archery Range |
| 12:34 | Build | Palisade Wall |
| 12:37 | Build | Palisade Wall |
| 12:49 | Queue | Villager (Male) |
| 12:52 | Research | Double-Bit Axe |
| 12:55 | Build | House |
| 12:57 | Build | Palisade Wall |
| 13:03 | Build | Palisade Wall |
| 13:06 | Queue | Villager (Male) |
| 13:06 | Queue | Villager (Male) |
| 13:29 | Build | Blacksmith |
| 13:31 | Build | Palisade Wall |
| 13:38 | Queue | Villager (Male) |
| 13:42 | Queue | Archer |
| 13:42 | Queue | Archer |
| 13:43 | Queue | Archer |
| 13:56 | Build | Archery Range |
| 14:00 | Queue | Villager (Male) |
| 14:10 | Queue | Villager (Male) |
| 14:23 | Research | Fletching |
| 14:27 | Queue | Archer |
| 14:47 | Queue | Villager (Male) |
| 14:50 | Queue | Archer |
| 14:50 | Queue | Archer |
| 14:55 | Research | Town Watch |
| 15:07 | Queue | Archer |
| 15:08 | Queue | Archer |
| 15:08 | Queue | Archer |
| 15:20 | Queue | Villager (Male) |
| 15:37 | Build | Outpost |
| 15:39 | Queue | Archer |
| 15:39 | Queue | Archer |
| 15:50 | Queue | Archer |
| 15:50 | Queue | Archer |
| 15:57 | Queue | Villager (Male) |
| 16:15 | Build | Watch Tower |
| 16:17 | Queue | Archer |
| 16:17 | Queue | Archer |
| 16:19 | Queue | Villager (Male) |
| 16:22 | Build | Farm |
| 16:22 | Build | Farm |
| 16:22 | Build | Farm |
| 16:23 | Build | Farm |
| 16:23 | Build | Farm |
| 16:23 | Build | Farm |
| 16:32 | Queue | Spearman |
| 16:45 | Build | Market |
| 16:51 | Queue | Villager (Male) |
| 16:55 | Build | House |
| 17:26 | Build | Palisade Wall |
| 17:35 | Build | Palisade Wall |
| 17:36 | Build | Gate |
| 17:53 | Build | Palisade Wall |
| 17:54 | Build | Palisade Wall |
| 17:54 | Build | Palisade Wall |
| 17:55 | Build | Palisade Wall |
| 18:18 | Build | Watch Tower |
| 18:54 | Queue | Archer |
| 18:54 | Queue | Archer |
| 18:54 | Queue | Archer |
| 18:58 | Queue | Archer |
| 18:58 | Queue | Archer |
| 19:02 | Build | House |
| 19:03 | Build | House |
| 19:04 | Queue | Villager (Male) |
| 19:14 | Queue | Villager (Male) |
| 19:29 | Queue | Archer |
| 19:29 | Queue | Archer |
| 19:40 | Queue | Archer |
| 19:40 | Queue | Archer |
| 20:09 | Queue | Archer |
| 20:09 | Queue | Archer |
| 20:22 | Build | House |
| 20:24 | Build | House |
| 20:50 | Queue | Villager (Male) |
| 21:04 | Queue | Archer |
| 21:05 | Queue | Archer |
| 21:07 | Queue | Villager (Male) |
| 21:09 | Build | Farm |
| 21:11 | Build | Farm |
| 21:12 | Build | Farm |
| 21:13 | Queue | Villager (Male) |
| 21:52 | Queue | Archer |
| 22:02 | Queue | Villager (Male) |
| 22:06 | Build | Farm |
| 22:06 | Build | Farm |
| 23:19 | Queue | Villager (Male) |
| 23:20 | Queue | Villager (Male) |
| 23:26 | Build | Farm |
| 23:26 | Build | Farm |
| 23:26 | Build | Farm |
| 23:26 | Build | Farm |
| 23:27 | Build | Farm |
| 23:52 | Queue | Villager (Male) |
| 24:01 | Build | Farm |
| 24:02 | Build | Farm |
| 24:03 | Build | Farm |
| 24:05 | Build | Farm |
| 24:06 | Build | Farm |
| 24:13 | Build | House |
| 24:42 | Build | Outpost |
| 25:14 | Queue | Spearman |
| 25:14 | Queue | Spearman |
| 25:20 | Build | Farm |
| 25:37 | Research | Castle Age |
| 26:53 | Research | Horse Collar |
| 26:53 | Research | Horse Collar |
| 26:56 | Queue | Villager (Male) |
Build order — rakou
First 150 of 441 actions detected
| 0:14 | Build | Town Center |
| 2:04 | Queue | Villager (Male) |
| 2:04 | Queue | Villager (Male) |
| 2:04 | Queue | Villager (Male) |
| 2:04 | Queue | Villager (Male) |
| 2:04 | Queue | Villager (Male) |
| 2:12 | Build | House |
| 2:13 | Build | House |
| 3:14 | Research | Loom |
| 3:47 | Build | Mill |
| 3:49 | Queue | Villager (Male) |
| 3:50 | Queue | Villager (Male) |
| 3:50 | Queue | Villager (Male) |
| 4:31 | Queue | Villager (Male) |
| 4:32 | Queue | Villager (Male) |
| 5:01 | Queue | Villager (Male) |
| 5:30 | Queue | Villager (Male) |
| 5:30 | Queue | Villager (Male) |
| 5:42 | Queue | Villager (Male) |
| 6:16 | Build | House |
| 6:18 | Build | House |
| 6:44 | Queue | Villager (Male) |
| 7:21 | Queue | Villager (Male) |
| 7:21 | Queue | Villager (Male) |
| 7:22 | Queue | Villager (Male) |
| 7:49 | Build | Lumber Camp |
| 8:35 | Queue | Villager (Male) |
| 8:35 | Queue | Villager (Male) |
| 9:57 | Research | Feudal Age |
| 9:57 | Research | Feudal Age |
| 11:44 | Queue | Villager (Male) |
| 11:45 | Queue | Villager (Male) |
| 11:49 | Build | Barracks |
| 12:07 | Age | Feudal Age |
| 12:09 | Queue | Villager (Male) |
| 12:11 | Research | Double-Bit Axe |
| 12:30 | Build | House |
| 12:31 | Build | Stable |
| 12:37 | Queue | Villager (Male) |
| 12:37 | Queue | Villager (Male) |
| 12:41 | Research | Horse Collar |
| 12:41 | Research | Horse Collar |
| 13:05 | Queue | Scout Cavalry |
| 13:21 | Queue | Villager (Male) |
| 13:32 | Queue | Scout Cavalry |
| 13:49 | Queue | Scout Cavalry |
| 14:05 | Queue | Villager (Male) |
| 14:10 | Queue | Scout Cavalry |
| 14:12 | Queue | Villager (Male) |
| 14:14 | Queue | Villager (Male) |
| 14:18 | Build | House |
| 14:19 | Build | House |
| 14:33 | Build | House |
| 14:33 | Build | House |
| 15:17 | Queue | Villager (Male) |
| 15:21 | Build | House |
| 15:26 | Build | Palisade Wall |
| 15:28 | Build | Palisade Gate |
| 15:49 | Queue | Scout Cavalry |
| 15:50 | Queue | Villager (Male) |
| 15:59 | Build | Blacksmith |
| 16:02 | Queue | Villager (Male) |
| 16:12 | Queue | Scout Cavalry |
| 16:41 | Queue | Villager (Male) |
| 16:42 | Queue | Scout Cavalry |
| 16:49 | Build | House |
| 16:50 | Build | House |
| 16:53 | Build | Palisade Wall |
| 16:59 | Build | Farm |
| 17:00 | Build | Farm |
| 17:00 | Build | Farm |
| 17:00 | Build | Farm |
| 17:01 | Build | Farm |
| 17:01 | Build | Farm |
| 18:04 | Queue | Scout Cavalry |
| 18:05 | Queue | Scout Cavalry |
| 18:06 | Queue | Villager (Male) |
| 18:27 | Queue | Scout Cavalry |
| 18:27 | Queue | Villager (Male) |
| 18:28 | Queue | Villager (Male) |
| 18:43 | Build | Farm |
| 18:48 | Build | House |
| 18:49 | Build | House |
| 18:57 | Queue | Scout Cavalry |
| 18:57 | Queue | Villager (Male) |
| 18:58 | Queue | Villager (Male) |
| 19:03 | Build | Mining Camp |
| 19:54 | Queue | Scout Cavalry |
| 19:55 | Queue | Villager (Male) |
| 20:06 | Queue | Villager (Male) |
| 20:15 | Build | Farm |
| 20:15 | Build | Farm |
| 20:16 | Build | Farm |
| 20:16 | Build | Farm |
| 20:16 | Build | Farm |
| 20:21 | Build | House |
| 20:22 | Build | House |
| 21:01 | Queue | Villager (Male) |
| 21:07 | Build | Lumber Camp |
| 21:14 | Queue | Villager (Male) |
| 21:16 | Queue | Scout Cavalry |
| 22:21 | Queue | Villager (Male) |
| 22:25 | Build | Farm |
| 22:25 | Build | Farm |
| 22:25 | Build | Farm |
| 22:25 | Build | Farm |
| 22:33 | Build | Lumber Camp |
| 22:37 | Research | Castle Age |
| 22:37 | Research | Castle Age |
| 22:57 | Queue | Scout Cavalry |
| 23:08 | Queue | Scout Cavalry |
| 23:25 | Build | Mill |
| 23:25 | Build | Farm |
| 23:26 | Build | Farm |
| 23:28 | Build | Farm |
| 23:28 | Build | Farm |
| 23:38 | Build | Farm |
| 23:39 | Build | Farm |
| 23:44 | Research | Scale Barding Armor |
| 23:48 | Queue | Scout Cavalry |
| 25:10 | Queue | Scout Cavalry |
| 25:10 | Queue | Scout Cavalry |
| 25:11 | Queue | Villager (Male) |
| 25:17 | Research | Bloodlines |
| 25:26 | Age | Castle Age |
| 25:30 | Research | Forging |
| 25:31 | Research | Light Cavalry (upgrade) |
| 25:32 | Research | Light Cavalry (upgrade) |
| 25:38 | Research | Bloodlines |
| 26:15 | Queue | Villager (Male) |
| 26:15 | Queue | Villager (Male) |
| 26:18 | Queue | Villager (Male) |
| 26:18 | Queue | Villager (Male) |
| 26:26 | Build | Town Center |
| 26:27 | Research | Bow Saw |
| 26:32 | Build | Town Center |
| 26:34 | Queue | Villager (Male) |
| 26:34 | Queue | Villager (Male) |
| 27:11 | Queue | Villager (Male) |
| 27:11 | Queue | Villager (Male) |
| 27:41 | Queue | Scout Cavalry |
| 27:42 | Research | Chain Barding Armor |
| 27:46 | Queue | Villager (Male) |
| 27:46 | Queue | Villager (Male) |
| 27:51 | Build | Farm |
| 27:52 | Build | Farm |
| 27:52 | Build | Farm |
| 27:52 | Build | Farm |
| 27:52 | Build | Farm |
| 27:55 | Build | Farm |
Build order — tamaryo
First 150 of 262 actions detected
| 2:02 | Build | Town Center |
| 3:47 | Build | House |
| 3:49 | Build | House |
| 3:50 | Build | House |
| 3:57 | Build | House |
| 4:19 | Queue | Villager (Male) |
| 4:19 | Queue | Villager (Male) |
| 4:26 | Queue | Villager (Male) |
| 4:26 | Queue | Villager (Male) |
| 4:38 | Build | House |
| 4:40 | Build | House |
| 5:06 | Build | House |
| 5:36 | Queue | Villager (Male) |
| 6:03 | Research | Loom |
| 6:29 | Queue | Villager (Male) |
| 6:29 | Queue | Villager (Male) |
| 6:49 | Queue | Villager (Male) |
| 7:21 | Queue | Villager (Male) |
| 7:49 | Build | House |
| 8:02 | Queue | Villager (Male) |
| 8:06 | Build | Lumber Camp |
| 8:31 | Queue | Villager (Male) |
| 8:58 | Queue | Villager (Male) |
| 8:58 | Queue | Villager (Male) |
| 9:18 | Queue | Villager (Male) |
| 9:59 | Queue | Villager (Male) |
| 10:35 | Build | Palisade Wall |
| 10:45 | Queue | Villager (Male) |
| 10:46 | Queue | Villager (Male) |
| 10:46 | Queue | Villager (Male) |
| 10:53 | Build | Palisade Gate |
| 11:01 | Queue | Villager (Male) |
| 11:01 | Queue | Villager (Male) |
| 11:08 | Build | House |
| 11:12 | Build | Palisade Wall |
| 11:53 | Build | Palisade Wall |
| 12:27 | Build | Mill |
| 12:34 | Queue | Villager (Male) |
| 13:12 | Queue | Villager (Male) |
| 14:08 | Research | Feudal Age |
| 14:30 | Queue | Villager (Male) |
| 14:59 | Build | House |
| 15:01 | Build | House |
| 15:02 | Build | House |
| 15:21 | Queue | Villager (Male) |
| 15:21 | Queue | Villager (Male) |
| 15:22 | Queue | Villager (Male) |
| 16:18 | Age | Feudal Age |
| 16:24 | Build | Watch Tower |
| 16:29 | Queue | Villager (Male) |
| 16:30 | Queue | Villager (Male) |
| 16:42 | Build | Market |
| 17:27 | Build | Stone Wall |
| 17:29 | Queue | Villager (Male) ×5 |
| 17:58 | Build | Farm |
| 17:59 | Build | Farm |
| 18:03 | Build | Blacksmith |
| 18:12 | Queue | Villager (Male) |
| 18:34 | Research | Fletching |
| 18:49 | Queue | Villager (Male) |
| 19:39 | Build | Watch Tower |
| 20:28 | Queue | Villager (Male) ×5 |
| 20:46 | Build | Lumber Camp |
| 20:49 | Queue | Villager (Male) |
| 21:29 | Build | Stone Wall |
| 21:36 | Build | Gate |
| 21:39 | Queue | Villager (Male) |
| 21:46 | Build | Farm |
| 21:59 | Build | House |
| 22:18 | Build | Gate |
| 22:30 | Build | Farm |
| 22:33 | Build | Farm |
| 22:50 | Build | Mill |
| 23:14 | Build | Watch Tower |
| 23:19 | Queue | Villager (Male) |
| 23:23 | Build | Farm |
| 23:24 | Build | Farm |
| 23:58 | Build | Gate |
| 24:05 | Queue | Villager (Male) ×2 |
| 24:08 | Build | Farm |
| 24:08 | Build | Farm |
| 24:25 | Build | Farm |
| 24:30 | Build | Farm |
| 24:55 | Build | House |
| 24:58 | Build | House |
| 25:01 | Build | Farm |
| 25:04 | Build | Farm |
| 25:14 | Build | Watch Tower |
| 25:35 | Research | Double-Bit Axe |
| 25:37 | Queue | Villager (Male) ×4 |
| 25:42 | Build | Farm |
| 25:43 | Build | Farm |
| 25:45 | Build | Farm |
| 25:49 | Build | Farm |
| 25:49 | Build | Farm |
| 26:05 | Build | Farm |
| 26:20 | Build | Watch Tower |
| 26:28 | Build | Farm |
| 26:38 | Build | Watch Tower |
| 27:38 | Research | Castle Age |
| 28:31 | Build | House |
| 28:31 | Build | House |
| 28:32 | Build | House |
| 28:32 | Build | House |
| 28:34 | Build | House |
| 28:51 | Build | Gate |
| 28:53 | Build | Stone Wall |
| 28:56 | Research | Wheelbarrow |
| 29:01 | Build | Mining Camp |
| 29:03 | Research | Horse Collar |
| 29:54 | Build | House |
| 29:55 | Build | House |
| 29:55 | Build | House |
| 29:56 | Build | House |
| 30:14 | Queue | Villager (Male) |
| 30:14 | Queue | Villager (Male) |
| 30:15 | Queue | Villager (Male) |
| 30:18 | Age | Castle Age |
| 30:23 | Build | Town Center |
| 30:27 | Queue | Villager (Male) |
| 30:34 | Build | Siege Workshop |
| 30:45 | Build | Town Center |
| 30:47 | Queue | Villager (Male) |
| 31:30 | Build | Gate |
| 31:33 | Build | Stone Wall |
| 31:36 | Queue | Mangonel |
| 31:41 | Build | Farm |
| 31:43 | Queue | Villager (Male) |
| 32:31 | Queue | Villager (Male) |
| 32:31 | Queue | Villager (Male) |
| 32:31 | Queue | Villager (Male) |
| 32:37 | Queue | Mangonel |
| 33:07 | Build | Farm |
| 33:07 | Build | Farm |
| 33:08 | Build | Farm |
| 33:08 | Build | Farm |
| 33:11 | Queue | Villager (Male) ×5 |
| 33:35 | Queue | Villager (Male) ×5 |
| 33:43 | Build | Farm |
| 33:49 | Build | Lumber Camp |
| 34:00 | Build | Farm |
| 34:02 | Build | Farm |
| 34:04 | Queue | Villager (Male) ×5 |
| 34:09 | Build | Farm |
| 34:29 | Build | Farm |
| 34:30 | Build | Farm |
| 34:32 | Build | Farm |
| 34:38 | Build | Farm |
| 34:40 | Queue | Villager (Male) |
| 34:43 | Build | Farm |
Build order — Lazu
First 150 of 175 actions detected
| 0:15 | Build | Town Center |
| 2:09 | Queue | Villager (Male) ×4 |
| 2:09 | Queue | Villager (Male) ×4 |
| 2:30 | Build | House |
| 3:26 | Queue | Villager (Male) |
| 3:27 | Research | Loom |
| 4:26 | Build | House |
| 4:40 | Queue | Villager (Male) |
| 4:40 | Queue | Villager (Male) |
| 4:40 | Queue | Villager (Male) |
| 4:40 | Queue | Villager (Male) |
| 4:46 | Build | House |
| 5:20 | Build | Palisade Gate |
| 5:25 | Build | House |
| 5:27 | Build | Palisade Wall |
| 5:28 | Build | Palisade Wall |
| 6:23 | Queue | Villager (Male) |
| 6:41 | Queue | Villager (Male) |
| 6:42 | Queue | Villager (Male) |
| 6:42 | Queue | Villager (Male) |
| 7:06 | Queue | Villager (Male) |
| 7:10 | Queue | Villager (Male) |
| 8:15 | Queue | Villager (Male) |
| 8:33 | Queue | Villager (Male) |
| 8:33 | Queue | Villager (Male) |
| 8:34 | Queue | Villager (Male) |
| 8:48 | Queue | Villager (Male) |
| 9:03 | Build | House |
| 9:07 | Queue | Villager (Male) |
| 9:19 | Build | Lumber Camp |
| 9:58 | Build | Mill |
| 10:04 | Queue | Villager (Male) |
| 10:48 | Build | Farm |
| 11:04 | Research | Feudal Age |
| 11:04 | Research | Feudal Age |
| 11:04 | Research | Feudal Age |
| 11:04 | Research | Feudal Age |
| 11:54 | Build | Mining Camp |
| 12:26 | Build | Barracks |
| 12:54 | Build | House |
| 13:13 | Age | Feudal Age |
| 13:16 | Research | Town Watch |
| 13:21 | Queue | Militia |
| 13:21 | Queue | Militia |
| 13:29 | Queue | Eagle Scout |
| 13:30 | Queue | Militia |
| 13:45 | Build | Market |
| 14:02 | Queue | Villager (Male) |
| 14:50 | Queue | Spearman |
| 14:50 | Queue | Spearman |
| 14:55 | Build | House |
| 15:16 | Build | Watch Tower |
| 15:24 | Build | Blacksmith |
| 15:35 | Research | Man-at-Arms (upgrade) |
| 16:16 | Research | Fletching |
| 16:43 | Queue | Villager (Male) |
| 17:17 | Build | Archery Range |
| 17:46 | Queue | Villager (Male) |
| 17:51 | Research | Double-Bit Axe |
| 18:20 | Queue | Villager (Male) |
| 18:24 | Build | Farm |
| 18:28 | Build | Farm |
| 18:28 | Build | Farm |
| 18:29 | Build | Farm |
| 19:39 | Build | Watch Tower |
| 19:46 | Build | Watch Tower |
| 20:02 | Build | Watch Tower |
| 20:07 | Queue | Villager (Male) |
| 20:08 | Build | Farm |
| 20:26 | Research | Horse Collar |
| 20:38 | Build | Outpost |
| 21:32 | Build | Outpost |
| 21:36 | Queue | Villager (Male) |
| 21:38 | Build | Farm |
| 22:09 | Build | Watch Tower |
| 22:25 | Build | Mining Camp |
| 22:32 | Build | Watch Tower |
| 22:48 | Build | House |
| 22:59 | Queue | Villager (Male) |
| 23:02 | Build | Farm |
| 23:08 | Build | Farm |
| 23:10 | Build | Farm |
| 23:39 | Queue | Villager (Male) |
| 23:43 | Build | Farm |
| 24:37 | Build | Watch Tower |
| 24:49 | Build | Watch Tower |
| 24:58 | Queue | Villager (Male) |
| 25:02 | Queue | Skirmisher |
| 25:03 | Queue | Skirmisher |
| 25:12 | Research | Padded Archer Armor |
| 25:36 | Build | Archery Range |
| 25:38 | Build | House |
| 25:41 | Build | House |
| 26:10 | Queue | Skirmisher |
| 26:11 | Queue | Skirmisher |
| 26:33 | Queue | Skirmisher |
| 26:48 | Build | Stone Wall |
| 26:49 | Build | Stone Wall |
| 26:50 | Build | Stone Wall |
| 26:52 | Build | Stone Wall |
| 26:54 | Build | Stone Wall |
| 26:55 | Build | Stone Wall |
| 26:55 | Build | Stone Wall |
| 27:16 | Queue | Militia |
| 27:19 | Queue | Archer |
| 27:20 | Queue | Archer |
| 27:48 | Build | Watch Tower |
| 29:25 | Build | House |
| 29:30 | Research | Castle Age |
| 29:30 | Research | Castle Age |
| 30:14 | Queue | Eagle Scout |
| 30:20 | Queue | Archer |
| 30:21 | Queue | Archer |
| 30:32 | Build | Archery Range |
| 30:34 | Build | Farm |
| 30:34 | Build | Farm |
| 31:11 | Queue | Eagle Scout |
| 31:11 | Queue | Eagle Scout |
| 31:24 | Research | Scale Mail Armor |
| 31:28 | Build | Farm |
| 32:06 | Queue | Eagle Scout |
| 32:10 | Age | Castle Age |
| 35:09 | Build | Lumber Camp |
| 37:53 | Build | Town Center |
| 38:14 | Research | Bow Saw |
| 39:27 | Build | Mining Camp |
| 39:29 | Queue | Villager (Male) |
| 39:36 | Build | House |
| 39:57 | Build | House |
| 39:58 | Build | House |
| 40:01 | Build | House |
| 40:02 | Build | House |
| 40:12 | Build | Mill |
| 40:26 | Queue | Villager (Male) |
| 40:26 | Queue | Villager (Male) |
| 41:16 | Build | Lumber Camp |
| 41:18 | Build | Palisade Wall |
| 41:19 | Build | Palisade Wall |
| 41:20 | Build | Palisade Wall |
| 41:21 | Build | Palisade Wall |
| 41:21 | Build | Palisade Wall |
| 41:31 | Queue | Villager (Male) |
| 41:54 | Queue | Villager (Male) |
| 42:22 | Build | Palisade Gate |
| 42:38 | Queue | Villager (Male) |
| 42:45 | Build | Mill |
| 43:02 | Build | Farm |
| 43:03 | Build | Farm |
| 43:04 | Build | Farm |
| 43:04 | Build | Farm |
Match timeline
| 5:27 | Lazu · wall_segment Palisade Wall x1 |
| 5:28 | Lazu · wall_segment Palisade Wall x1 |
| 6:11 | ryannn · wall_segment Palisade Wall x12 |
| 8:34 | yu_k1 · wall_segment Palisade Wall x10 |
| 10:35 | tamaryo · wall_segment Palisade Wall x5 |
| 10:36 | yu_k1 · first_building Barracks |
| 11:12 | tamaryo · wall_segment Palisade Wall x6 |
| 11:18 | razunrando · first_building Barracks |
| 11:30 | razunrando · wall_segment Palisade Wall x9 |
| 11:33 | shohe · age_up feudal |
| 11:42 | yu_k1 · age_up feudal |
| 11:44 | yu_k1 · first_building Archery Range |
| 11:49 | rakou · first_building Barracks |
| 11:53 | tamaryo · wall_segment Palisade Wall x5 |
| 12:07 | rakou · age_up feudal |
| 12:14 | 華緑 · wall_segment Palisade Wall x4 |
| 12:22 | razunrando · age_up feudal |
| 12:26 | Lazu · first_building Barracks |
| 12:28 | razunrando · first_building Archery Range |
| 12:31 | 華緑 · wall_segment Palisade Wall x1 |
| 12:31 | rakou · first_building Stable |
| 12:32 | ryannn · wall_segment Palisade Wall x15 |
| 12:34 | razunrando · wall_segment Palisade Wall x1 |
| 12:37 | razunrando · wall_segment Palisade Wall x1 |
| 12:57 | razunrando · wall_segment Palisade Wall x2 |
| 13:03 | razunrando · wall_segment Palisade Wall x8 |
| 13:04 | shohe · first_market_buy 100 food |
| 13:05 | shohe · first_market_sell 100 wood |
| 13:13 | Lazu · age_up feudal |
| 13:29 | yu_k1 · wall_segment Stone Wall x15 |
| 13:31 | razunrando · wall_segment Palisade Wall x1 |
| 13:35 | ryannn · age_up feudal |
| 13:49 | 華緑 · age_up feudal |
| 14:04 | 華緑 · wall_segment Palisade Wall x1 |
| 14:22 | ryannn · wall_segment Palisade Wall x4 |
| 14:28 | ryannn · wall_segment Palisade Wall x2 |
| 14:28 | ryannn · wall_segment Palisade Wall x1 |
| 14:28 | ryannn · wall_segment Palisade Wall x1 |
| 14:48 | yu_k1 · wall_segment Stone Wall x6 |
| 15:26 | rakou · wall_segment Palisade Wall x2 |
| 15:27 | Lazu · first_market_sell 100 wood |
| 16:12 | ryannn · first_market_sell 100 wood |
| 16:12 | ryannn · first_market_buy 100 food |
| 16:18 | tamaryo · age_up feudal |
| 16:25 | yu_k1 · wall_segment Stone Wall x17 |
| 16:29 | shohe · age_up castle |
| 16:53 | rakou · wall_segment Palisade Wall x9 |
| 17:17 | Lazu · first_building Archery Range |
| 17:26 | razunrando · wall_segment Palisade Wall x1 |
| 17:27 | tamaryo · wall_segment Stone Wall x9 |
| 17:34 | ryannn · wall_segment Palisade Wall x1 |
| 17:35 | razunrando · wall_segment Palisade Wall x3 |
| 17:44 | 華緑 · age_up castle |
| 17:53 | razunrando · wall_segment Palisade Wall x1 |
| 17:54 | razunrando · wall_segment Palisade Wall x1 |
| 17:54 | razunrando · wall_segment Palisade Wall x2 |
| 17:55 | razunrando · wall_segment Palisade Wall x1 |
| 18:02 | shohe · first_building Castle |
| 18:08 | razunrando · first_market_buy 100 stone |
| 18:55 | ryannn · age_up castle |
| 18:59 | ryannn · first_building Siege Workshop |
| 20:45 | ryannn · first_building Castle |
| 20:58 | yu_k1 · wall_segment Stone Wall x10 |
| 21:29 | tamaryo · wall_segment Stone Wall x8 |
| 22:18 | yu_k1 · first_market_buy 100 wood |
| 23:13 | 華緑 · first_market_buy 100 food |
| 23:50 | yu_k1 · age_up castle |
| 25:26 | rakou · age_up castle |
| 26:30 | shohe · first_building Siege Workshop |
| 26:48 | Lazu · wall_segment Stone Wall x1 |
| 26:49 | Lazu · wall_segment Stone Wall x3 |
| 26:50 | Lazu · wall_segment Stone Wall x4 |
| 26:50 | tamaryo · first_market_sell 100 wood |
| 26:52 | Lazu · wall_segment Stone Wall x3 |
| 26:54 | Lazu · wall_segment Stone Wall x1 |
| 26:55 | Lazu · wall_segment Stone Wall x1 |
| 26:55 | Lazu · wall_segment Stone Wall x1 |
| 27:42 | Lazu · first_market_buy 100 stone |
| 28:17 | razunrando · age_up castle |
| 28:53 | tamaryo · wall_segment Stone Wall x2 |
| 28:58 | razunrando · wall_segment Palisade Wall x1 |
| 30:18 | tamaryo · age_up castle |
| 30:34 | tamaryo · first_building Siege Workshop |
| 30:41 | yu_k1 · first_building Monastery |
| 30:50 | 華緑 · first_market_sell 500 wood |
| 31:08 | rakou · first_building Monastery |
| 31:30 | rakou · first_building Siege Workshop |
| 31:33 | tamaryo · wall_segment Stone Wall x8 |
| 31:34 | razunrando · first_building Siege Workshop |
| 31:47 | yu_k1 · first_building Castle |
| 32:10 | Lazu · age_up castle |
| 32:36 | ryannn · first_building Monastery |
| 32:36 | razunrando · first_market_sell 100 food |
| 33:14 | razunrando · wall_segment Stone Wall x1 |
| 33:49 | razunrando · wall_segment Stone Wall x1 |
| 35:25 | tamaryo · first_building Monastery |
| 35:28 | rakou · age_up imperial |
| 35:33 | 華緑 · first_building Monastery |
| 36:04 | tamaryo · first_market_buy 100 wood |
| 36:26 | yu_k1 · first_building Siege Workshop |
| 37:01 | yu_k1 · age_up imperial |
| 37:04 | rakou · tribute_sent a jugador 1 |
| 37:05 | rakou · tribute_sent a jugador 2 |
| 37:05 | rakou · tribute_sent a jugador 3 |
| 37:05 | rakou · tribute_sent a jugador 4 |
| 37:05 | rakou · tribute_sent a jugador 5 |
| 37:05 | rakou · tribute_sent a jugador 7 |
| 37:05 | rakou · tribute_sent a jugador 8 |
| 37:17 | yu_k1 · first_market_sell 100 wood |
| 37:27 | rakou · first_market_sell 100 stone |
| 38:44 | 華緑 · first_building Castle |
| 38:49 | tamaryo · first_building Castle |
| 39:22 | razunrando · wall_segment Stone Wall x1 |
| 39:23 | ryannn · first_building Barracks |
| 39:24 | razunrando · wall_segment Palisade Wall x1 |
| 40:03 | ryannn · first_building Archery Range |
| 40:59 | ryannn · wall_segment Stone Wall x10 |
| 41:03 | razunrando · wall_segment Palisade Wall x3 |
| 41:18 | Lazu · wall_segment Palisade Wall x1 |
| 41:19 | Lazu · wall_segment Palisade Wall x1 |
| 41:20 | Lazu · wall_segment Palisade Wall x2 |
| 41:21 | Lazu · wall_segment Palisade Wall x1 |
| 41:21 | Lazu · wall_segment Palisade Wall x1 |
| 41:39 | razunrando · wall_segment Stone Wall x1 |
| 41:44 | razunrando · wall_segment Stone Wall x1 |
| 42:11 | tamaryo · first_building Barracks |
| 42:17 | tamaryo · age_up imperial |
| 42:23 | ryannn · age_up imperial |
| 42:32 | yu_k1 · wall_segment Stone Wall x2 |
| 43:06 | 華緑 · age_up imperial |
| 43:48 | tamaryo · first_building Archery Range |
| 46:26 | shohe · first_building Barracks |
| 46:37 | yu_k1 · wall_segment Stone Wall x12 |
| 46:46 | ryannn · first_building Stable |
| 47:11 | 華緑 · resign |
[ AI ANALYSIS · 1 CREDIT ]
What really happened in this match?
Wolo.gg analyzes every decision: build order, eco, micro, common mistakes by bracket. Personalized analysis on WhatsApp or Discord in 30 seconds.
Civ guide
Lithuanians
Perfil
Jugador #8521512